 Dungeon Crawl Stone Soup version 0.30.1 (webtiles) character file.

Game seed: 1619725798134017717

14080 Peloso the Carver (level 11, -12/101 HPs)
             Began as a Minotaur Fighter on July 12, 2023.
             Was a High Priest of Okawaru.
             Mangled by a skeletal warrior
             ... wielding a +0 long sword
             ... led by a death knight
              (16 damage)
             ... on level 11 of the Dungeon.
             The game lasted 00:18:34 (11919 turns).

Peloso the Carver (Minotaur Fighter)               Turns: 11919, Time: 00:18:35

Health: -12/101    AC: 12    Str: 22    XL:     11   Next: 84%
Magic:  11/11      EV: 15    Int:  5    God:    Okawaru [*****.]
Gold:   718        SH:  6    Dex: 13    Spells: 10/10 levels left

rFire   . . .        a - +1 long sword (venom)
rCold   . . .        d - +0 buckler
rNeg    . . .        c - +0 chain mail
rPois   .            (helmet restricted)
rElec   .            (no cloak)
rCorr   .            (no gloves)
SInv    .            (no boots)
Will    .....        (no amulet) Stlth
                     h - +5 ring of evasion
HPRegen 0.36/turn    (no ring)
MPRegen 0.12/turn

%: no passive effects
@: mighty
A: horns 2, retaliatory headbutt
a: Renounce Religion, Heroism, Finesse, Duel


You were on level 11 of the Dungeon.
You worshipped Okawaru.
Okawaru was extremely pleased with you.
You visited 1 branch of the dungeon, and saw 11 of its levels.

You collected 718 gold pieces.

Inventory:

Hand Weapons
 a - a +1 long sword of venom (weapon)
 b - a +1 whip of flaming
Armour
 c - a +0 chain mail (worn)
 d - a +0 buckler (worn)
Jewellery
 h - a +5 ring of evasion (left hand)
 k - a +6 ring of intelligence
 p - a ring of wizardry
 x - a ring of flight
Wands
 t - a wand of polymorph (4)
Scrolls
 f - 4 scrolls of teleportation
 i - a scroll of immolation
 j - a scroll of poison
 n - a scroll of enchant weapon
 o - 2 scrolls of magic mapping
 r - a scroll of identify
Potions
 e - 5 potions of curing
 g - 3 potions of mutation
 l - a potion of degeneration {unknown}
 m - 4 potions of might
 s - 2 potions of cancellation
 u - a potion of invisibility
 w - a potion of brilliance {unknown}
 z - a potion of experience {unknown}
 A - a potion of attraction {unknown}


   Skills:
 + Level 10.5 Fighting
 + Level 14.3 Long Blades
 + Level 12.4 Armour
 + Level 4.8 Dodging
 + Level 2.1 Stealth
 + Level 7.5 Shields
 + Level 1.9 Invocations
 + Level 0.3 Evocations


You had 10 spell levels left.
You didn't know any spells.
Your spell library contained the following spells:

 Spells                   Type           Power      Damage    Failure   Level
 Shock                    Conj/Air       0%         1d3       95%         1
 Ensorcelled Hibernation  Hex/Ice        0%         N/A       99%         2
 Passwall                 Tmut/Erth      0%         N/A       99%         2
 Gell's Gravitas          Tloc           0%         N/A       100%        3
 Swiftness                Air            0%         N/A       100%        3
 Teleport Other           Tloc           0%         N/A       100%        3
 Airstrike                Air            0%         2d(0-16)  100%        4
 Dispersal                Tloc           0%         N/A       100%        6


Dungeon Overview and Level Annotations

Branches:
Dungeon (11/15)            Temple (0/1) D:5            Lair (0/5) D:10
    Orc (0/2) D:10

Altars:
Ashenzari
Dithmenos
Fedhas
Gozag
Hepliaklqana
Kikubaaqudgha
Makhleb
Okawaru
Qazlal
Sif Muna
Trog
Uskayaw
Vehumet
Wu Jian
The Shining One

Shops:
D:1 ?   D:4 :   D:9 [

Annotations:
D:10 1 runed translucent door, kij's ghost, journeyman MiBe


Innate Abilities, Weirdness & Mutations

You have a pair of horns on your head.
You reflexively headbutt those who attack you in melee.


Message History

The death knight looks as sick as possible!
Your headbutt misses the death knight.
The death knight is almost dead.
You kill the death knight!
Okawaru is honoured by your kill.
Unknown command.
You hit the skeletal warrior but do no damage.
You hit the skeletal warrior. You headbutt the skeletal warrior.
The skeletal warrior is lightly damaged.
The skeletal warrior barely misses you.
You slash the skeletal warrior!
Your headbutt misses the skeletal warrior.
The skeletal warrior is moderately damaged.
You feel like a meek peon again.
The skeletal warrior hits you with a +0 long sword!
* * * LOW HITPOINT WARNING * * *
You hit the skeletal warrior but do no damage.
The skeletal warrior is moderately damaged.
The skeletal warrior hits you with a +0 long sword!!
* * * LOW HITPOINT WARNING * * *
You feel much better.
The skeletal warrior hits you with a +0 long sword.
* * * LOW HITPOINT WARNING * * *
You feel much better.
The skeletal warrior hits you with a +0 long sword!!
* * * LOW HITPOINT WARNING * * *
You feel very mighty all of a sudden. The skeletal warrior misses you.
You slash the skeletal warrior!
The skeletal warrior is heavily damaged.
Unknown command.
You hit the skeletal warrior.
The skeletal warrior is heavily damaged.
The skeletal warrior hits you with a +0 long sword!
* * * LOW HITPOINT WARNING * * *
Unknown command.
You slash the skeletal warrior!
The skeletal warrior is severely damaged.
The skeletal warrior hits you with a +0 long sword!
You die...

.....................
.......<.####........ .
.........####..........
.......................
###########..........#
#...####...#
#..........#
##.y#####'######
..WWyyz@.........
##########+######


You could see a skeletal warrior, 2 freezing wraiths and 3 killer bees.

Vanquished Creatures
  A boulder beetle (D:10)
  A centaur warrior (D:8)
  A death knight (D:11)
  A two-headed ogre (D:10)
  Urug (D:10)
  Sonja (D:10)
  Pikel (D:7)
  An elephant (D:10)
  An unseen horror (D:6)
  Maggie (D:10)
  Psyche (D:8)
  A troll (D:10)
  A meliai (shapeshifter) (D:9)
  2 polar bears (D:10)
  Sigmund (D:2)
  A centaur simulacrum (D:10)
  A shadow (D:9)
  4 wyverns
  3 wraiths
  5 humans (D:6)
  A vampire (D:8)
  11 yaks
  2 steam dragons
  A basilisk (D:10)
  An acid dragon (D:9)
  A water moccasin (D:8)
  2 ice beasts
  An orc warrior (D:8)
  4 black bears
  2 sky beasts
  An ogre (D:6)
  A lemure (D:7)
  2 phantoms
  3 kobold brigands
  2 bullfrogs
  A scorpion (D:6)
  12 wights
  A gnoll sergeant (D:8)
  17 killer bees
  3 howler monkeys
  An electric eel (D:10)
  4 hounds
  3 jellies
  A gnoll bouda (D:6)
  Crazy Yiuf (D:7)
  4 orc priests
  A sleepcap (D:7)
  Jessica (D:2)
  6 orc wizards
  An iguana (D:7)
  5 gnolls
  8 adders
  A shadow imp (D:8)
  A white imp (D:6)
  2 ufetubi
  2 worms
  37 orcs
  10 ball pythons
  3 bats
  5 endoplasms
  2 giant cockroaches (D:1)
  6 goblins
  5 hobgoblins
  4 jackals (D:2)
  15 kobolds
  2 quokkas
  6 frilled lizards
  3 rats
239 creatures vanquished.

Notes
Turn   | Place    | Note
-------+----------+-------------------------------------------
     0 | D:1      | Peloso the Minotaur Fighter began the quest for the Orb.
     0 | D:1      | Reached XP level 1. HP: 19/19 MP: 0/0
   194 | D:1      | Reached XP level 2. HP: 24/27 MP: 1/1
   279 | D:1      | Found Biun's Magic Scroll Emporium.
   728 | D:2      | Noticed Sigmund
   861 | D:2      | Reached skill level 3 in Long Blades
   895 | D:2      | Reached XP level 3. HP: 32/33 MP: 2/2
  1165 | D:3      | Found a faded altar of an unknown god.
  1235 | D:3      | Found an ancient bone altar of Kikubaaqudgha.
  1235 | D:3      | Found an iron altar of Okawaru.
  1314 | D:3      | Reached XP level 4. HP: 40/40 MP: 3/3
  1388 | D:3      | Became a worshipper of Warmaster Okawaru
  1433 | D:3      | Reached skill level 4 in Long Blades
  2029 | D:3      | Reached XP level 5. HP: 16/46 MP: 4/4
  2032 | D:3      | Reached skill level 5 in Long Blades
  2150 | D:4      | Found a burning altar of Makhleb.
  2150 | D:4      | Found a hide-covered altar of Uskayaw.
  2158 | D:4      | Found a stormy altar of Qazlal.
  2161 | D:4      | Found a shimmering blue altar of Sif Muna.
  2163 | D:4      | Found a bloodstained altar of Trog.
  2168 | D:4      | Found a radiant altar of Vehumet.
  2394 | D:4      | Found a glowing golden altar of the Shining One.
  2666 | D:4      | Found Kegat's Self-Improvement Boutique.
  2714 | D:4      | Found an ornate altar of the Wu Jian Council.
  2730 | D:4      | Reached skill level 1 in Dodging
  2802 | D:4      | Noticed a phantom
  2817 | D:4      | Killed a phantom
  2818 | D:4      | Reached skill level 5 in Armour
  2818 | D:4      | Reached XP level 6. HP: 50/53 MP: 5/5
  3246 | D:2      | Killed Sigmund
  3246 | D:2      | Reached * piety under Okawaru
  3247 | D:2      | Reached skill level 6 in Long Blades
  3564 | D:2      | Noticed Jessica
  3579 | D:2      | Killed Jessica
  3784 | D:5      | Entered Level 5 of the Dungeon
  3784 | D:5      | Found a shadowy altar of Dithmenos.
  3797 | D:4      | Reached skill level 5 in Fighting
  3797 | D:4      | Reached XP level 7. HP: 47/61 MP: 6/6
  3985 | D:5      | Found a staircase to the Ecumenical Temple.
  4222 | D:5      | Reached skill level 7 in Long Blades
  4290 | D:5      | Found an opulent altar of Gozag.
  4487 | D:5      | Reached ** piety under Okawaru
  4711 | D:6      | Reached XP level 8. HP: 60/70 MP: 7/7
  5222 | D:6      | Reached skill level 8 in Long Blades
  5371 | D:6      | Killed an unseen horror
  5373 | D:6      | Reached *** piety under Okawaru
  5833 | D:6      | Reached skill level 9 in Long Blades
  5833 | D:6      | Reached XP level 9. HP: 70/78 MP: 8/8
  5875 | D:6      | Reached skill level 5 in Shields
  5918 | D:6      | Found a hazy altar of Hepliaklqana.
  5996 | D:6      | Reached **** piety under Okawaru
  6325 | D:7      | Found a blossoming altar of Fedhas.
  6380 | D:7      | Found a runed translucent door.
  6381 | D:7      | Noticed Crazy Yiuf
  6387 | D:7      | Killed Crazy Yiuf
  6484 | D:7      | Reached skill level 10 in Long Blades
  6870 | D:8      | Noticed Psyche
  7031 | D:8      | Killed Psyche
  7032 | D:8      | Reached skill level 10 in Armour
  7181 | D:8      | Reached skill level 11 in Long Blades
  7799 | D:8      | Noticed Pikel
  7950 | D:7      | Killed Pikel
  7951 | D:7      | Reached skill level 1 in Stealth
  7951 | D:7      | Reached XP level 10. HP: 78/88 MP: 9/9
  8016 | D:8      | Noticed a centaur warrior
  8022 | D:8      | Killed a centaur warrior
  8074 | D:8      | Reached ***** piety under Okawaru
  8213 | D:8      | Reached skill level 1 in Invocations
  8917 | D:9      | Received a gift from Okawaru
  8929 | D:9      | Reached skill level 12 in Long Blades
  9433 | D:9      | Found a broken altar of Ashenzari.
  9589 | D:9      | Reached XP level 11. HP: 85/97 MP: 11/11
  9730 | D:9      | Found Hefruisu's Armour Emporium.
  9995 | D:10     | Entered Level 10 of the Dungeon
  9996 | D:10     | Noticed Urug
 10012 | D:10     | Killed Urug
 10013 | D:10     | Reached skill level 13 in Long Blades
 10072 | D:10     | Received a gift from Okawaru
 10161 | D:10     | Noticed Sonja
 10187 | D:10     | Killed Sonja
 10277 | D:10     | Reached skill level 10 in Fighting
 10333 | D:10     | Found a runed translucent door.
 10483 | D:10     | Noticed kij's ghost (journeyman MiBe)
 10654 | D:10     | Noticed Maggie
 10674 | D:10     | Killed Maggie
 10743 | D:10     | Found a staircase to the Lair.
 11045 | D:10     | Reached skill level 14 in Long Blades
 11127 | D:10     | Found a staircase to the Orcish Mines.
 11148 | D:10     | Noticed a two-headed ogre
 11159 | D:10     | Killed a two-headed ogre
 11466 | D:10     | Noticed a boulder beetle
 11477 | D:10     | Killed a boulder beetle
 11891 | D:11     | Noticed a death knight
 11894 | D:11     | Noticed a skeletal warrior
 11909 | D:11     | Killed a death knight
 11913 | D:11     | HP: 4/101 [skeletal warrior/+0 long sword[a death knight]
                  | (25)]
 11918 | D:11     | HP: 4/101 [skeletal warrior/+0 long sword[a death knight]
                  | (11)]
 11919 | D:11     | Mangled by a skeletal warrior

Illustrated notes

Levels and vault maps discovered:
D:1:      kilobyte_arrival_exit_the_forest, layout_rooms, serial_shops,
          shop_fountains
D:2:      layout_basic, grunt_ministairs_6, kennysheep_small_spiral,
          uniq_jessica, uniq_sigmund
D:3:      layout_basic, amethyst_overflow_temple_binary, basic_ecumenical_altar
D:4:      layout_loops_corners, nicolae_wu_jian_wuxing_cycle,
          nicolae_overflow_hallway_of_the_gods, nicolae_tso_swordbearing_angel,
          nicolae_shop_self_help
D:5:      layout_rooms, mainiacjoe_overflow_paths, grunt_dithmenos_smoke,
          minmay_temple_entry_mist
D:6:      layout_rooms, mainiacjoe_overflow_alcove_1, minmay_ruffians
D:7:      layout_loops_ring, general_overflow_altar, uniq_crazy_yiuf_cottage
D:8:      layout_layer_cave, special_room [special_room_orc],
          minmay_three_doors, uniq_psyche, uniq_pikel
D:9:      layout_irregular_city, evilmike_ruin_ashenzari, serial_shops, shop
D:10:     layout_loops_ring, david_lair_generic, orc_0_dummy,
          hellmonk_ghost_big_iron, serial_ice, serial_ice_h, serial_ice_c,
          serial_ice_i, serial_ice_o, grunt_decor_arrowhead, uniq_sonja,
          uniq_maggie, uniq_urug
D:11:     layout_stronghold, nicolae_trove_entry_diagonal,
          nicolae_hepliaklqana_monster_ancestors, uniq_snorg

Skill      XL: |  1  2  3  4  5  6  7  8  9 10 11 |
---------------+----------------------------------+-----
Fighting       | 4 5 6 8 9 10 | 10.5
Armour         | 4 5 6 8 10 11 12 | 12.4
Long Blades    | 3 4 5 6 7 9 11 12 14 | 14.3
Shields        | 4 5 6 7 |  7.5
Dodging        | 1 2 3 4 |  4.8
Stealth        | 1 2 |  2.1
Invocations    | 1 |  1.9
Evocations     | |  0.3

Action                     |  1- 3 |  4- 6 |  7- 9 | 10-12 || total
---------------------------+-------+-------+-------+-------++-------
  Melee: Long sword        |    92 |    83 |   332 |   381 ||   888
         Headbutt          |    10 |    13 |    58 |    91 ||   172
 Invoke: Heroism           |       |       |     4 |    12 ||    16
  Evoke: Wand              |       |       |       |     3 ||     3
    Use: Potion            |     3 |     1 |     3 |     6 ||    13
         Scroll            |       |     5 |     4 |     5 ||    14
 Armour: Scale mail        |    56 |     3 |       |       ||    59
         Chain mail        |       |    42 |   184 |    88 ||   314
  Dodge: Dodged            |    53 |    39 |   184 |   210 ||   486
  Block: Buckler           |    32 |    13 |    79 |    80 ||   204
